Unix NetHack Version 5.0.0-0 post-release - last build May 31 2026 13:37:37 (4f47d67043fb8e84071ad9bc9740482a2de5bd5e,branch:main).

Game began 2026-05-31 22:07:41, ended 2026-05-31 22:38:49.

Felix1, neutral male human Barbarian

                    ------
                    |.)..|
                    |....-##
                   #.....| #
                   #|....| ####
                   #|....|    ##
                   #---.--     #
                   #   #       #
                   #   #       ####
                   #   #           #
                ####`  #
                # #----.---
   ------------ # #|..<...|            ---+--------+--
   |...........####|......|            |....@........|
   |......>...|####.......|            +.............|
   |..........-##  --------            |.............|
   ------------                        ---#-----------

Felix1 the Bandit          St:18/01 Dx:18 Co:18 In:7 Wi:7 Ch:6  Neutral
Dlvl:4  $:193 HP:0(65) Pw:15(15) AC:7  Xp:6 T:2600  FoodPois

Latest messages:
 You feel less confused now.
 The wererat bites!
 The coyote bites!
 The coyote bites!
 You can move again.
 You kill the coyote!
 The wererat bites!
 You avoid harm.
 The coyote bites!
 The wererat bites!
 You avoid harm.
 The coyote bites!
 You kill the coyote!
 The wererat bites!
 You hear bubbling water.
 The wererat bites!
 You feel more confident in your weapon skills.
 (Tip: use the #enhance command to advance them.)
 You kill the wererat!
 You kill the yellow mold!
 You see here a yellow mold corpse.
 You see here a yellow mold corpse.
 What do you want to drop? [$a-eg-suvx-zAB or ?*] d
 You drop 2 uncursed food rations.
 What do you want to drop? [$a-ceg-suvx-zAB or ?*] <space>
 Never mind.
 You find a hidden door.
 You see here 2 uncursed food rations.
 You see here 2 uncursed food rations.
 You see here 2 uncursed food rations.
 d - 2 uncursed food rations.
 You find a hidden door.
 You see here a yellow mold corpse.
 There is a yellow mold corpse here; eat it? [ynq] (n) y
 Ulch - that fungoid vegetation was tainted!
 You feel deathly sick.
 (It must have died too long ago to be safe to eat.)
 There appears to be no shopkeeper here to receive your payment.
 Unavailable command 'wizidentify'.
 Are you sure you want to pray? [yn] (n) y
 You begin praying to Crom.
 You finish your prayer.
 You feel that Crom is displeased.
 Your sickness feels worse.
 Your sickness is severe.
 You are at Death's door.
 Are you sure you want to pray? [yn] (n) n
 c - an uncursed +0 ring mail (being worn).
 You die from your illness.
 Do you want your possessions identified? [ynq] (y) q

Inventory:
 Coins    ('$')
  $ - 193 gold pieces
 Amulets  ('"')
  m - an uncursed amulet of magical breathing
 Weapons  (')')
  b - a +0 axe (alternate weapon; not wielded)
  a - a +0 two-handed sword (weapon in hands)
 Armor    ('[')
  x - an uncursed +0 mummy wrapping
  c - an uncursed +0 ring mail (being worn)
 Comestibles  ('%')
  d - 2 uncursed food rations
  s - 2 uncursed lembas wafers
  n - 2 uncursed tripe rations
  o - an uncursed tin of deep fried dwarf meat
 Scrolls  ('?')
  r - a cursed scroll of blank paper
  i - an uncursed scroll of identify
  j - an uncursed scroll of scare monster
  h - an uncursed scroll of teleportation
 Potions  ('!')
  u - an uncursed potion of extra healing
  v - an uncursed potion of healing
  q - an uncursed potion of restore ability
  B - an uncursed potion of sleeping
  l - an uncursed potion of speed
 Rings    ('=')
  z - an uncursed ring of slow digestion
 Wands    ('/')
  p - a wand of undead turning (0:5)
 Tools    ('(')
  A - an uncursed mirror
  e - an uncursed oil lamp
  k - an uncursed stethoscope
 Gems/Stones  ('*')
  y - an uncursed garnet stone
  g - an uncursed worthless piece of orange glass

Felix1 the Barbarian's attributes:

Background:
 You were a Bandit, a level 6 male human Barbarian.
 You were neutral, on a mission for Crom
 who was opposed by Mitra (lawful) and Set (chaotic).
 You were right-handed.
 You were in the Dungeons of Doom, on level 4.
 You entered the dungeon 2600 turns ago.
 It was nighttime.
 There was a full moon in effect when your adventure ended.
 You had 408 experience points, 232 more were needed to attain level 7.

Basics:
 You had 0 out of 65 hit points.
 You had all 15 energy points (spell power).
 Your armor class was 7.
 Your wallet contained 193 zorkmids.
 Autopickup was off.

Final Characteristics:
 Your strength was 18/01 (limit:18/100).
 Your dexterity was 18 (limit:18).
 Your constitution was 18 (limit:18).
 Your intelligence was 7 (limit:18).
 Your wisdom was 7 (limit:18).
 Your charisma was 6 (limit:18).

Final Status:
 You died from food poisoning.
 You weren't hungry.
 You were unencumbered.
 You were wielding a two-handed sword.
 You had basic skill with two-handed sword and could have enhanced that.

Final Attributes:
 You were piously aligned.
 You were poison resistant.
 You were telepathic.
 You were warded.
 You were unlucky.
 Crom was angry with you.
 You are dead.

Miscellaneous:
 You didn't encounter any bones levels.
 Total elapsed playing time was 31 minutes and 3 seconds.

Major events:
 Turn
    1: Felix1 the neutral male human Barbarian entered the dungeon
 1061: attained the rank of Pillager (level 3)
 1877: entered Sokoban
 2344: attained the rank of Bandit (level 6)
 2600: poisoned by a rotted yellow mold corpse

You didn't know any spells.

Skills:
 Fighting Skills
   bare handed combat [Basic]
   two weapon combat  [Unskilled]
   riding             [Unskilled]
 Weapon Skills
   dagger             [Unskilled]
   axe                [Basic]
   pick-axe           [Unskilled]
   short sword        [Unskilled]
   broadsword         [Unskilled]
   long sword         [Unskilled]
   two-handed sword   [Basic]
   saber              [Unskilled]
   club               [Unskilled]
   mace               [Unskilled]
   morning star       [Unskilled]
   flail              [Unskilled]
   hammer             [Unskilled]
   quarterstaff       [Unskilled]
   spear              [Unskilled]
   trident            [Unskilled]
   bow                [Unskilled]
 Spellcasting Skills
   attack spells      [Unskilled]
   escape spells      [Unskilled]

Voluntary challenges:
 Character rerolling was not enabled.
 You were illiterate.
 You never genocided any monsters.
 You never polymorphed an object.
 You never changed form.
 You used no wishes.
 You did not violate any of the special Sokoban rules.
Achievements:
 You entered a shop.
 You attained the rank of Pillager.
 You entered Sokoban.
 You attained the rank of Bandit.

 The Dungeons of Doom: levels 1 to 7
    Level 1:
    Level 2:
       A potion shop, a fountain.
    Level 3:
    Level 4: <- You were here.
       Final resting place for
          you, poisoned by a rotted yellow mold corpse.
    Level 5:
       Many fountains.
       Oracle of Delphi.
    Level 6:
       Stairs up to Sokoban, level 5.
    Level 7:
       A fountain.
 Sokoban:
    Level 5:
       Unsolved.


Vanquished creatures:
  a leprechaun
 an orc mummy
  a mountain nymph
 an orc shaman
  a rock piercer
  a guardian naga hatchling
  a paper golem
  a giant ant
  2 floating eyes
  a homunculus
 10 hill orcs
  a giant bat
  a monkey
  a dwarf zombie
  a wererat
  2 coyotes
  a gas spore
  3 manes
  a large kobold
  a cave spider
  a yellow mold
  a gnome zombie
  2 geckos
  2 jackals
  a fox
  a goblin
  4 sewer rats
  4 grid bugs
  a bat
  3 lichens
  4 newts
57 creatures vanquished.

No species were genocided or became extinct.

Game over:
                       ----------
                      /          \
                     /    REST    \
                    /      IN      \
                   /     PEACE      \
                  /                  \
                  |      Felix1      |
                  |      193 Au      |
                  |  poisoned by a   |
                  |  rotted yellow   |
                  |   mold corpse    |
                  |                  |
                  |       2026       |
                 *|     *  *  *      | *
        _________)/\\_//(\/(/\)/\//\/|_)_______

Goodbye Felix1 the Barbarian...

You were poisoned in The Dungeons of Doom on dungeon level 4 with 2106 points,
and 193 pieces of gold, after 2600 moves.
You were level 6 with a maximum of 65 hit points when you were poisoned.

